 Dungeon Crawl Stone Soup version 0.16.1-11-g651b585 (webtiles) character file.

162 Nefaurd the Covert (level 5, -1/46 HPs)
             Began as a Naga Assassin on Apr 4, 2015.
             Killed by nerve-wracking pain
             ... invoked by Grinder
              (2 damage)
             ... on level 3 of the Dungeon.
             The game lasted 00:11:25 (2387 turns).

Nefaurd the Covert (Naga Assassin)                  Turns: 2387, Time: 00:11:25

Health: -1/46      AC:  6    Str: 16    XL:     5   Next: 43%
Magic:  5/5        EV:  9    Int: 11    God:
Gold:   88         SH:  2    Dex: 14    Spells: 0 memorised, 4 levels left

rFire  . . .     SeeInvis +     t - +0 dagger (freeze)
rCold  . . .     Clarity  .     n - +0 leather armour (curse)
rNeg   . . .     SustAb   .     (no shield)
rPois  +         Gourm    .     (no helmet)
rElec  .         Spirit   .     d - +0 cloak
rCorr  .         Warding  .     (no gloves)
rMut   .         Stasis   .     (no barding)
MR     +....                    (no amulet)
Stlth  ++++......               (no ring)
                                v - +3 ring of strength

@: very slightly contaminated, very slow, somewhat resistant to hostile
enchantments, stealthy
A: spit poison, large bone plates 1, see invisible, deformed body, magic
resistance 1, poison resistance, slowness 2, AC +1
a: Spit Poison


You were on level 3 of the Dungeon.
You were not hungry.

You visited 1 branch of the dungeon, and saw 3 of its levels.

You collected 88 gold pieces.

Inventory:

Hand weapons
 a - a +2 dagger
 b - a +0 blowgun
 t - a +0 dagger of freezing (weapon)
Missiles
 e - 8 poisoned needles
 f - 2 curare-tipped needles
Armour
 c - a +0 robe
 d - a +0 cloak (worn)
 n - a cursed +0 leather armour (worn)
Jewellery
 v - a +3 ring of strength (left hand)
Magical devices
 x - a wand of draining (9)
Scrolls
 k - 4 scrolls of remove curse {unknown}
 l - a scroll of amnesia {unknown}
 o - 3 scrolls of identify {unknown}
 q - a scroll of recharging {unknown}
 w - a scroll of magic mapping {unknown}
Potions
 m - a potion of brilliance {unknown}
 p - a potion of mutation
 s - a potion of heal wounds {unknown}
 u - a potion of flight
Comestibles
 g - 3 bread rations
 h - 4 fruits
 i - 2 meat rations
 j - a beef jerky


   Skills:
 + Level 2.7 Fighting
 + Level 2.5 Short Blades
 - Level 1.7 Throwing
 + Level 1.3 Armour
 - Level 0.7 Dodging
 + Level 8.5 Stealth


You had 4 spell levels left.
You didn't know any spells.

Dungeon Overview and Level Annotations

Branches:
Dungeon (3/15)

Altars:
Ashenzari
Elyvilon
Gozag
Nemelex Xobeh

Annotations:
D:3 Grinder


Innate Abilities, Weirdness & Mutations

You cannot wear boots.
You can spit poison.
Your serpentine skin is tough (AC +1).
You have supernaturally acute eyesight.
Armour fits poorly on your strangely shaped body.
Your system is resistant to poisons.
You cover ground very slowly.
You are partially covered in large bone plates (AC +2, SH +2).
You are resistant to hostile enchantments.


Message History

Grinder gestures at you.
You easily resist.
Press: ? - help, v - describe, . - travel
Here: Grinder (moderately wounded)
The floor.
You flicker for a moment.
Grinder gestures at you. You resist with almost no effort.
Grinder gestures.
Grinder blinks!
You flicker back into view.
You are starting to lose your buoyancy.
You float gracefully downwards.
Grinder hits you.
* * * LOW HITPOINT WARNING * * *
You writhe in agony.
* * * LOW HITPOINT WARNING * * *
Grinder gestures at you. Pain shoots through your body!
You die...

##.#..##.## ##...#.##
##...## .# #..## .#
#..# .##.# #..#
###.##.# .# #..#
##...##.# .#
#.5#####...###.##.#
#...@>............###
#.######...###.......
#...........##....###
########....##.......
##.#....).....
#.....)<#####
#######.# #.# #.#


You could see Grinder.

Vanquished Creatures
  Sigmund (D:2)
  A worker ant (D:2)
  A hound skeleton (D:3)
  An adder (D:2)
  A worm (D:2)
  2 giant geckos
  4 bats
  2 giant cockroaches
  5 hobgoblins
  6 kobolds
  2 quokkas (D:2)
  5 goblins
  6 rats
37 creatures vanquished.

Notes
Turn   | Place    | Note
--------------------------------------------------------------
     0 | D:1      | Nefaurd, the Naga Assassin, began the quest for the Orb.
     0 | D:1      | Reached XP level 1. HP: 19/19 MP: 1/1
    11 | D:1      | Reached skill level 6 in Stealth
   412 | D:1      | Reached XP level 2. HP: 21/26 MP: 2/2
   840 | D:2      | Found a shattered altar of Ashenzari.
   920 | D:2      | Found a white marble altar of Elyvilon.
   933 | D:2      | HP: 1/26 [quokka (2)]
  1265 | D:2      | Noticed Sigmund
  1285 | D:2      | Killed Sigmund
  1285 | D:2      | Reached skill level 8 in Stealth
  1285 | D:2      | Reached XP level 3. HP: 25/33 MP: 3/3
  1285 | D:2      | Reached XP level 4. HP: 30/40 MP: 4/4
  1507 | D:2      | Reached skill level 1 in Armour
  1507 | D:2      | Reached XP level 5. HP: 25/46 MP: 5/5
  1725 | D:2      | Found an opulent altar of Gozag.
  1727 | D:2      | Found a sparkling altar of Nemelex Xobeh.
  2319 | D:3      | Noticed Grinder
  2343 | D:3      | Gained mutation: You are partially covered in large bone plates (AC +2, SH +2). [potion of mutation]
  2343 | D:3      | Gained mutation: You are resistant to hostile enchantments. [potion of mutation]
  2367 | D:3      | HP: 2/46 [Grinder (4)]
  2385 | D:3      | HP: 1/46 [Grinder (2)]
  2387 | D:3      | Killed from afar by Grinder

Action                   |  1- 3 |  4- 6 || total
-------------------------+-------+-------++-------
Melee: Dagger            |    51 |   100 ||   151
 Fire: Blowgun           |     7 |       ||     7
 Abil: Spit Poison       |       |     5 ||     5
  Use: Potion            |       |     3 ||     3
 Stab: Sleeping          |     7 |     3 ||    10
  Eat: Meat ration       |     1 |       ||     1
